 Dungeon Crawl Stone Soup version 0.30-a0-358-g0d69a1922f (webtiles) character file.

Game seed: 16499450392731804379

63 NinjaNoafa the Cutter (level 3, 0/27 HPs)
             Began as a Demonspawn Gladiator on Nov 10, 2022.
             Slain by a worm (5 damage)
             ... on level 2 of the Dungeon.
             The game lasted 00:01:43 (1698 turns).

NinjaNoafa the Cutter (Demonspawn Gladiator)        Turns: 1698, Time: 00:01:44

Health: 0/27       AC:  4    Str: 14    XL:     3   Next: 89%
Magic:  3/3        EV: 13    Int:  9    God:
Gold:   121        SH:  0    Dex: 22    Spells: 2/2 levels left

rFire   . . .      SeeInvis .    a - +0 rapier
rCold   . . .      Faith    .    (no shield)
rNeg    . . .      Spirit   .    b - +0 leather armour
rPois   .          Reflect  .    c - +0 helmet
rElec   .          Harm     .    (no cloak)
rCorr   .          Rampage  .    (no gloves)
Will    .....                    (no boots)
Stlth   ++........               (no amulet)
HPRegen 0.24/turn                s - +6 ring of dexterity
MPRegen 0.08/turn                (no ring)

@: no status effects
A: hooves 1
a: no special abilities


You were on level 2 of the Dungeon.
You visited 1 branch of the dungeon, and saw 2 of its levels.

You collected 121 gold pieces.

Inventory:

Hand Weapons
 a - a +0 rapier (weapon)
Missiles
 d - 3 throwing nets
 e - a javelin (quivered)
 j - 23 stones
 p - 2 poisoned darts
Armour
 b - a +0 leather armour (worn)
 c - a +0 helmet (worn)
Jewellery
 s - a +6 ring of dexterity (left hand)
Scrolls
 f - 2 scrolls of teleportation {unknown}
 g - 2 scrolls of poison {unknown}
 i - 2 scrolls of immolation {unknown}
 l - a scroll of noise {unknown}
 m - a scroll of torment {unknown}
 n - a scroll of enchant weapon {unknown}
 r - a scroll of silence {unknown}
 t - 2 scrolls of identify {unknown}
 u - a scroll of enchant armour {unknown}
Potions
 h - 3 potions of attraction {unknown}
 k - a potion of invisibility {unknown}
 o - a potion of heal wounds {unknown}
 q - a potion of flight {unknown}
 v - 2 potions of curing {unknown}
 w - 2 potions of degeneration {unknown}
 x - a potion of might {unknown}
 z - a potion of lignification {unknown}
 A - a potion of berserk rage {unknown}
 B - a potion of mutation {unknown}


   Skills:
 - Level 2.0 Fighting
 + Level 4.4 Short Blades
 - Level 1.7 Throwing
 - Level 2.6 Dodging


You had 2 spell levels left.
You didn't know any spells.
Your spell library contained the following spells:

 Spells                   Type           Power      Damage    Failure   Level
 Magic Dart               Conj           0%         1d3       45%         1
 Call Imp                 Summ           0%         N/A       61%         2
 Cigotuvi's Dreadful Rot  Necr/Pois/Air  0%         N/A       61%         2
 Poisonous Vapours        Pois/Air       0%         N/A       61%         2
 Mephitic Cloud           Conj/Pois/Air  0%         N/A       83%         3


Dungeon Overview and Level Annotations

Branches:
Dungeon (2/15)

Altars:
Hepliaklqana


Innate Abilities, Weirdness & Mutations

You have large cloven feet.


Message History

You are no longer poisoned.
w - 2 yellow potions (gained 1)
Things that are here:
a +0 dagger; a kobold corpse You see here a +0 dagger.
Key pressed, stopping explore.
Found a stone staircase leading down.
There is a stone staircase leading up here.
There is a stone staircase leading down here.
B - an amethyst potion You now have 121 gold pieces (gained 10).
You open the door.
A worm comes into view.
There is an open door here.
A worm is nearby!
The worm barely misses you.
You barely miss the worm. You kick the worm.
The worm is lightly wounded.
You hit the worm but do no damage.
The worm is lightly wounded.
The worm bites you!
You barely miss the worm. You hit the worm.
The worm is moderately wounded.
The worm bites you.
You hit the worm.
The worm is heavily wounded.
The worm bites you.
You hit the worm.
The worm is heavily wounded.
You hit the worm. You kick the worm.
The worm is severely wounded.
The worm bites you!
* * * LOW HITPOINT WARNING * * *
You hit the worm but do no damage. You kick the worm.
The worm is severely wounded.
You barely miss the worm.
The worm is severely wounded.
The worm bites you.
You die...

#......#.#
#..#.#.#.# +.+
#......#.# #.#
...#.#...# #.#
.........# #.#
.....##..+ ...
.....# #.# #.#
.....# #.# #w#
.....# #.# #@#
#.##<###.# +.+
#.##...>.# #.#
..####...# #.# ###
#.#.#######'#######.
#.#.................
#...................
####################


You could see a worm.

Vanquished Creatures
  3 adders (D:2)
  A worm (D:2)
  2 dart slugs (D:2)
  3 ball pythons
  3 bats (D:1)
  2 endoplasms
  2 hobgoblins (D:1)
  4 kobolds
  A quokka (D:1)
  2 frilled lizards (D:2)
  5 goblins
  2 rats
30 creatures vanquished.

Notes
Turn   | Place    | Note
-------+----------+-------------------------------------------
     0 | D:1      | NinjaNoafa the Demonspawn Gladiator began the quest for the
                  | Orb.
     0 | D:1      | Reached XP level 1. HP: 16/16 MP: 1/1
   176 | D:1      | Reached skill level 3 in Short Blades
   287 | D:1      | Gained mutation: You have large cloven feet. [demonic
                  | ancestry]
   287 | D:1      | Reached XP level 2. HP: 22/22 MP: 2/2
  1105 | D:2      | Reached XP level 3. HP: 26/27 MP: 3/3
  1241 | D:2      | Reached skill level 4 in Short Blades
  1269 | D:2      | Found a hazy altar of Hepliaklqana.
  1698 | D:2      | Slain by a worm

Illustrated notes

Levels and vault maps discovered:
D:1:      sevenhm_arrival_forest_fort_small_4, layout_basic, kennysheep_doodads,
          minmay_close_crescents
D:2:      layout_loops_ring, serial_glass, glass_columns_a, glass_columns_b,
          due_unseen_surprise, minmay_strange_pillars, minmay_strange_pillars,
          feat_on_display, basic_altar, dk_vineyard_1, eino_tiny_chamber,
          amethyst_killhole, wad_floor_pattern_2, minmay_door_square

Skill      XL: |  1  2  3 |
---------------+----------+-----
Short Blades   | 3 4 |  4.4
Fighting       | |  2.0
Throwing       | |  1.7
Dodging        | |  2.6

Action                   || total
-------------------------++-------
Melee: Rapier            ||    87
       Punch             ||     2
       Kick              ||    19
Throw: Javelin           ||     2
 Stab: Sleeping          ||     2
Armor: Leather armour    ||    31
Dodge: Dodged            ||    72

Table legend: (Time is in decaauts)
 A = Elapsed time spent in this place.
 B = Non-inter-level travel time spent in this place.
 C = Inter-level travel time spent in this place.
 D = Time resting spent in this place.
 E = Time spent auto-exploring this place.
 F = Levels seen in this place.
 G = Mean time per level.
                   A        B        C        D        E       F      G
               +--------+--------+--------+--------+--------+-----+--------+
         Total |   1714 |   1661 |     53 |      0 |   1334 |   2 |  857.0 |
       Dungeon |   1714 |   1661 |     53 |      0 |   1334 |   2 |  857.0 |
               +--------+--------+--------+--------+--------+-----+--------+

Top non-repeatable levels by time:
     D:1: 978 daAuts
     D:2: 735 daAuts
